Unix NetHack Version 3.7.0-53 Work-in-progress - last build Apr 18 2022 03:42:42 (02b85442fffe0e2954e411e09df771b56fe27bbc,branch:master). Game began 2022-04-18 12:38:14, ended 2022-04-18 12:44:43. Dewzmint, lawful male human Priest --------- -------- |.......| |......| ----- |.......| #-......| |.*.. ||......|######|......| |........ a@###........| ##|....... |.... a* |........# ##|..<...| | -+--..---######+......| ###-------- Dewzmint the Acolyte St:12 Dx:11 Co:14 In:10 Wi:18 Ch:9 Lawful S:503 Dlvl:5 $:87 HP:0(22) Pw:51(51) AC:5 Xp:3/54 T:1299 Fainted Deaf Latest messages: You kill the jackal! You see here a partly eaten newt corpse. The kobold zombie is hit by a dart! The kobold zombie hits! You destroy the kobold zombie! You are beginning to feel hungry. What do you want to eat? Never mind. You kill the yellow mold! The door opens. You see here a tin. You see here 13 gold pieces. $ - 13 gold pieces. You are beginning to feel weak. You descend the stairs. The gecko bites! You miss the gecko. The gecko bites! You kill the gecko! You see here a gecko corpse. There is a gecko corpse here; eat it? [ynq] (n) y This gecko corpse tastes okay. You hear a distant explosion. You finish eating the gecko corpse. You see here a pink potion. n - a pink potion. There is a grave here. Something is engraved here on the headstone. You read: "Saved by the bell!". You see here a bell. o - a bell. You hear a chugging sound. You faint from lack of food. The giant ant bites! The giant ant bites! The giant ant bites! The giant ant bites! The giant ant bites! The giant ant bites! The giant ant bites! The giant ant bites! The giant ant bites! The giant ant bites! The giant ant bites! You die... Do you want your possessions identified? [ynq] (y) y Do you want to see your attributes? [ynq] (y) n Do you want an account of creatures vanquished? [ynaq] (y) n Do you want to see your conduct and achievements? [ynq] (y) n Do you want to see the dungeon overview? [ynq] (y) n Major events: Turn 1: Dewzmint the lawful human Priest entered the dungeon 574: attained the rank of Acolyte (level 3) 1299: killed by a giant ant, while fainted from lack of food Inventory: Coins $ - 87 gold pieces Weapons k - 10 +0 darts a - a blessed +1 mace (weapon in hand) Armor c - a burnt +0 small shield (being worn) b - a blessed +0 robe (being worn) m - a +0 studded leather armor (being worn) Comestibles e - a clove of garlic f - a sprig of wolfsbane Scrolls j - a scroll of enchant armor Spellbooks h - a spellbook of detect food Potions l - a potion of levitation n - a potion of object detection d - 3 potions of holy water Rings i - a cursed -1 ring of adornment Tools o - a bell Dewzmint the Priest's attributes: Background: You were an Acolyte, a level 3 human Priest. You were lawful, nominally on a mission for Quetzalcoatl who was opposed by Camaxtli (neutral) and Huhetotl (chaotic). You were in the Dungeons of Doom, on level 5. You entered the dungeon 1299 turns ago. There was a full moon in effect when your adventure ended. You had 54 experience points, 26 more were needed to attain level 4. Your score was 503 before end-of-game adjustments. Basics: You had 0 out of 22 hit points. You had all 51 energy points (spell power). Your armor class was 5. Your wallet contained 87 zorkmids. Autopickup was off. Final Characteristics: Your strength was 12 (base:13, limit:18/100). Your dexterity was 11 (limit:18). Your constitution was 14 (limit:18). Your intelligence was 10 (limit:18). Your wisdom was 18 (limit:18). Your charisma was 9 (limit:18). Final Status: You were deaf. You were fainted due to starvation. You were unencumbered. You were wielding a mace. You had basic skill with mace. Final Attributes: You were devoutly aligned. You were guarded. You were lucky. You are dead. Miscellaneous: You never encountered a bones level. Total elapsed playing time was 6 minutes and 29 seconds. Vanquished creatures: a giant rat a yellow mold a green mold a gecko 2 jackals a fox 3 kobolds a sewer rat 3 grid bugs 2 lichens a kobold zombie 6 newts 23 creatures vanquished. No species were genocided or became extinct. Voluntary challenges: You were an atheist. You were illiterate. You never engraved Elbereth. You never genocided any monsters. You never polymorphed an object. You never changed form. You used no wishes. Achievement: You attained the rank of Acolyte. The Dungeons of Doom: levels 1 to 5 Level 1: Some fountains. Level 2: An altar. Level 3: An altar. Level 4: An altar. Level 5: <- You were here. A grave. Final resting place for you, killed by a giant ant, while fainted from lack of food. Game over: ---------- / \ / REST \ / IN \ / PEACE \ / \ | Dewzmint | | 87 Au | | killed by a | | giant ant | | | | | | 2022 | *| * * * | * _________)/\\_//(\/(/\)/\//\/|_)_______ Goodbye Dewzmint the Priest... You died in The Dungeons of Doom on dungeon level 5 with 495 points, and 87 pieces of gold, after 1299 moves. You were level 3 with a maximum of 22 hit points when you died.